 Dungeon Crawl Stone Soup version 0.31-a0-859-g9dce7d3444 (webtiles) character file.

Game seed: 18143321222974807530

80 promet the Ducker (level 4, 0/35 HPs)
             Began as a Merfolk Gladiator on Oct 9, 2023.
             Slain by an orc priest
             ... wielding a +0 short sword
              (3 damage)
             ... on level 3 of the Dungeon on Oct 10, 2023.
             The game lasted 00:11:57 (1690 turns).

promet the Ducker (Merfolk Gladiator)               Turns: 1690, Time: 00:11:58

Health: 0/35       AC:  5    Str: 16    XL:     4   Next: 39%
Magic:  4/4        EV: 13    Int: 11    God:
Gold:   171        SH:  0    Dex: 15    Spells: 3/3 levels left

rFire   . . .        a - +5 trident "Appe Kewoam" {freeze, +Blink Int+4}
rCold   . . .        (no shield)
rNeg    . . .        k - +0 leather armour
rPois   .            c - +0 helmet
rElec   .            (no cloak)
rCorr   .            (no gloves)
SInv    .            h - +0 pair of boots
Will    .....        (no amulet)
Stlth   +            (no ring)
HPRegen 0.25/turn    (no ring)
MPRegen 0.09/turn

%: no passive effects
@: no status effects
A: (nimble swimmer 2), mertail
a: Evoke Blink


You were on level 3 of the Dungeon.
You visited 1 branch of the dungeon, and saw 3 of its levels.

You collected 171 gold pieces.

Inventory:

Hand Weapons
 a - the +5 trident "Appe Kewoam" (weapon) {freeze, +Blink Int+4}
   (You acquired it on level 2 of the Dungeon)

   Int+4:     It affects your intelligence (+4).
   +Blink:    It lets you blink.
 b - a +0 sling
Missiles
 d - 3 throwing nets (quivered)
 m - 25 stones
Armour
 c - a +0 helmet (worn)
 h - a +0 pair of boots (worn)
 k - a +0 leather armour (worn)
Jewellery
 n - an amulet of magic regeneration
Scrolls
 f - a scroll of revelation {unknown}
 l - 2 scrolls of immolation
Potions
 g - a potion of magic
 i - a potion of resistance {unknown}
 p - 2 potions of heal wounds {unknown}
 q - a potion of degeneration {unknown}


   Skills:
 * Level 3.1 Fighting
 + Level 4.8 Polearms
 + Level 0.6 Ranged Weapons
 + Level 2.0 Throwing
 + Level 0.3 Armour
 + Level 4.8 Dodging
 + Level 1.0 Stealth


You had 3 spell levels left.
You didn't know any spells.
Your spell library was empty.

Dungeon Overview and Level Annotations

Branches:
Dungeon (3/15)

Altars:


Innate Abilities, Weirdness & Mutations

((You are very nimble when in or above water. (Stealth+, EV+, Speed+++)))
Your lower body shifts to a powerful aquatic tail in water.


Message History

a - the +5 trident "Appe Kewoam" (weapon)
{freeze, +Blink Int+4} You hear some strange, mumbled words.
Something tries to affect you, but you resist.
You miss something. Something hits you. Something freezes you.
You miss something.
You hear some strange, mumbled words.
You are confused.
You bump into the closed door.
Something hits you. Something freezes you.
You bump into the rock wall.
Something hits you. Something freezes you.
You bump into the rock wall.
Something hits you. Something freezes you.
You barely miss something. Something hits you but does no damage.
You hit something. You freeze something. Something hits you.
Something freezes you.
You bump into the closed door.
You feel less confused. Something hits you. Something freezes you.
* * * LOW HITPOINT WARNING * * *
It was a potion of magic.
Magic courses through your body. Something hits you but does no damage.
You closely miss something. Something hits you.
* * * LOW HITPOINT WARNING * * *
Something freezes you.
* * * LOW HITPOINT WARNING * * *
You puncture something! You freeze something.
You hear some strange, mumbled words.
A magic dart appears from out of thin air!
The magic dart hits you.
* * * LOW HITPOINT WARNING * * *
You puncture something! You freeze something.
Reactivating autopickup.
You feel a bit more experienced.
Your Fighting skill increases to level 3!
You have reached level 4!
You start resting.
An orc priest opens the door.
It is wielding a +0 short sword and wearing a +1 ring mail of cold resistance.
An orc priest is nearby!
You closely miss the orc priest.
The orc priest shouts!
The orc priest hits you with a +0 short sword.
You die...

##.....####.###.## #....#
##...## #.### #.###.# #
##'## #.# #.# .# ##...##
#.###.# .. ##.....##
##....# ..#####.......##
##.##.#
.....#.........####...#.#
..<..'.........o@)......#
..##.#.........####...#.#
.. #.##.......## ##.##.#
.. #.###.....## #.....#
.. ..# ##...## #.##### #.
### ##+## #. #. #. #. #.


You could see an orc priest.

Vanquished Creatures
  An orc wizard (D:3)
  2 dart slugs
  2 orcs
  4 ball pythons
  3 endoplasms
  8 hobgoblins
  6 jackals (D:2)
  4 quokkas
  4 bats
  5 frilled lizards
  2 kobolds (D:2)
  4 rats (D:1)
45 creatures vanquished.

Notes
Turn   | Place    | Note
-------+----------+-------------------------------------------
     0 | D:1      | promet the Merfolk Gladiator began the quest for the Orb.
     0 | D:1      | Reached XP level 1. HP: 16/16 MP: 1/1
   119 | D:1      | Reached XP level 2. HP: 19/22 MP: 2/2
   758 | D:2      | Reached XP level 3. HP: 28/28 MP: 3/3
   927 | D:2      | Reached skill level 1 in Stealth
  1146 | D:2      | Identified a scroll of acquirement
  1146 | D:2      | Acquired the +5 trident "Appe Kewoam" {freeze, +Blink
                  | Int+4}
  1682 | D:3      | HP: 1/28 [something/magic dart (5)]
  1684 | D:3      | Reached XP level 4. HP: 1/35 MP: 4/4
  1690 | D:3      | Slain by an orc priest

Illustrated notes

Levels and vault maps discovered:
D:1:      psy_arrival_basics, layout_loops_ring
D:2:      layout_basic, hangedman_feature_mirror, dk_noncrumbling_4
D:3:      layout_loops_corners

Skill      XL: |  1  2  3 |
---------------+----------+-----
Stealth        | 1 |  1.0
Fighting       | 3 |  3.1
Polearms       | |  4.8
Ranged Weapons | |  0.6
Throwing       | |  2.0
Armour         | |  0.3
Dodging        | |  4.8

Action                     |  1- 3 |  4- 6 || total
---------------------------+-------+-------++-------
  Melee: Trident           |    97 |     1 ||    98
         Punch             |     1 |       ||     1
   Fire: Sling             |    14 |       ||    14
  Throw: Javelin           |     1 |       ||     1
    Use: Scroll            |     4 |       ||     4
         Potion            |     1 |       ||     1
   Stab: Sleeping          |     3 |       ||     3
 Armour: Leather armour    |    61 |     1 ||    62
  Dodge: Dodged            |    74 |       ||    74

Table legend: (Time is in decaauts)
 A = Elapsed time spent in this place.
 B = Non-inter-level travel time spent in this place.
 C = Inter-level travel time spent in this place.
 D = Time resting spent in this place.
 E = Time spent auto-exploring this place.
 F = Levels seen in this place.
 G = Mean time per level.
                   A        B        C        D        E       F      G
               +--------+--------+--------+--------+--------+-----+--------+
         Total |   1696 |   1534 |    162 |     21 |    639 |   3 |  565.3 |
       Dungeon |   1696 |   1534 |    162 |     21 |    639 |   3 |  565.3 |
               +--------+--------+--------+--------+--------+-----+--------+

Top non-repeatable levels by time:
     D:2: 841 daAuts
     D:1: 756 daAuts
     D:3: 98 daAuts
